 Dungeon Crawl Stone Soup version 0.15.2 (webtiles) character file.

679845 magipi the Executioner (level 27, -4/176 HPs)
             Began as a Gargoyle Berserker on June 30, 2016.
             Was the Champion of the Shining One.
             Slain by a Hell Sentinel (22 damage)
             ... in Pandemonium on July 6, 2016.
             The game lasted 07:37:22 (55457 turns).

magipi the Executioner (Gargoyle Berserker)        Turns: 55457, Time: 07:37:22

HP  -4/176       AC 42     Str 25 (26) XL: 27
MP   0/34        EV 25     Int 17      God: the Shining One [******]
Gold 4756        SH  0     Dex 19      Spells:  7 memorised, 18 levels left

rFire  + + .     SeeInvis .     a - +9 executioner's axe (holy)
rCold  + + .     Clarity  +     H - +0 troll leather armour of Cluyshrea {rF+ rC++}
rNeg   + + +     rCorr    .     (no shield)
rPois  +         rRot     +     Y - +2 helmet (curse)
rElec  +         Spirit   +     g - +2 cloak
SustAb .         Warding  .     T - +2 pair of gloves {Str+3}
rMut   .         Stasis   .     n - +2 pair of boots (curse)
Gourm  .                        G - cursed amulet of guardian spirit
MR     +++..                    J - ring "Ymmiusos" {MR+ Dex+3}
                                f - ring of Skanihit {rF+ Dex+4 Int+3}

@: sap magic, flying, glowing, extremely resistant to hostile enchantments,
unstealthy
A: able to fly continuously, big wings, blurry vision 1, clarity, clever 1,
clumsy 1, low mp 1, negative energy resistance 1, screaming 1, electricity
resistance, weak 1, unbreathing, petrification resistance, rot immunity, AC +20
a: Stop Flying, Divine Shield, Cleansing Flame, Summon Divine Warrior, Renounce
Religion
}: 6/15 runes: decaying, serpentine, slimy, abyssal, magical, dark


You were in Pandemonium.
You worshipped the Shining One.
The Shining One was exalted by your worship.
You were not hungry.

You visited 13 branches of the dungeon, and saw 61 of its levels.
You visited Pandemonium 1 time, and saw 17 of its levels.
You visited the Abyss 1 time.
You visited 1 bazaar.
You also visited: Labyrinth and Ice Cave.

You collected 7509 gold pieces.
You spent 2753 gold pieces at shops.

Inventory:

Hand weapons
 a - a +9 executioner's axe of holy wrath (weapon)
 b - a +9 antimagic executioner's axe
Missiles
 p - 14 silver javelins (quivered)
 L - 14 javelins of penetration
 X - 2 throwing nets
Armour
 g - a +2 cloak (worn)
 j - the +7 plate armour of Vaezeburo {rPois rC+}
   (You acquired it in Pandemonium)

   It protects you from cold.
   It protects you from poison.
 n - a cursed +2 pair of boots (worn)
 H - the cursed +0 troll leather armour of Cluyshrea (worn) {rF+ rC++}
   (You found it on level 3 of the Crypt)

   It protects you from fire.
   It greatly protects you from cold.
   It has a curse placed upon it.
 T - a +2 pair of gloves of strength (worn)
 Y - a cursed +2 helmet (worn)
Magical devices
 l - a wand of heal wounds (7)
 o - a wand of teleportation (1)
 s - a wand of digging (10)
 v - a wand of disintegration (8)
 w - a wand of digging (16)
 E - a wand of polymorph (13)
 I - a wand of hasting (2)
Comestibles
 h - 23 bread rations
 Q - 22 meat rations
Scrolls
 B - 5 scrolls of summoning
 C - 7 scrolls of fear
 D - 8 scrolls of blinking
 F - 18 scrolls of remove curse
 N - a scroll of teleportation
 P - 5 scrolls of fog
 S - 4 scrolls of identify
 W - 4 scrolls of magic mapping
 Z - 7 scrolls of recharging
Jewellery
 c - the cursed ring "Doerch" {rC+ Stlth+}
   (You found it on level 3 of the Crypt)

   [ring of stealth]

   It protects you from cold.
   It makes you more stealthy.
   It has a curse placed upon it.
 f - the ring of Skanihit (left hand) {rF+ Dex+4 Int+3}
   (You found it on level 3 of the Abyss)

   [ring of protection from fire]

   It affects your intelligence (+3).
   It affects your dexterity (+4).
   It protects you from fire.
 i - the ring of the Sun {+Fly rF+ SInv}
   (You bought it in a shop on level 3 of the Vaults)

   [ring of flight]

   It protects you from fire.
   It enhances your eyesight.
   It lets you fly.
 r - an uncursed amulet of resist corrosion
 t - an uncursed ring of teleportation
 G - a cursed amulet of guardian spirit (around neck)
 J - the ring "Ymmiusos" (right hand) {MR+ Dex+3}
   (You found it in a labyrinth)

   [ring of protection from magic]

   It affects your dexterity (+3).
   It affects your resistance to hostile enchantments.
 K - an uncursed amulet of resist mutation
 M - an uncursed amulet of clarity
Potions
 d - 5 potions of heal wounds
 e - 5 potions of restore abilities
 k - 4 potions of agility
 m - a potion of magic
 q - 2 potions of haste
 x - 5 potions of cancellation
 z - 2 potions of resistance
 A - a potion of berserk rage
 O - a potion of lignification
 R - 27 potions of curing
 U - 10 potions of might
Miscellaneous
 y - a phial of floods
 V - a lamp of fire


   Skills:
 - Level 19.1 Fighting
 - Level 22.6 Axes
 - Level 12.4 Throwing
 - Level 16.7 Armour
 - Level 15.2 Dodging
 - Level 5.6 Stealth
 - Level 8.0 Spellcasting
 - Level 15.6 Charms
 - Level 9.6 Translocations
 + Level 3.9 Air Magic
 - Level 13.7 Invocations
 - Level 13.1 Evocations


You had 18 spell levels left.
You knew the following spells:

 Your Spells              Type           Power        Failure   Level  Hunger
a - Apportation           Tloc           #####.....   1%          1    None
b - Blink                 Tloc           N/A          1%          2    None
c - Passage of Golubria   Tloc           N/A          1%          4    ###....
d - Control Teleport      Chrm/Tloc      #####.....   1%          4    ###....
e - Summon Butterflies    Summ           #.......     12%         1    None
f - Deflect Missiles      Chrm/Air       #####.....   34%         6    ######.
H - Haste                 Chrm           ######..     2%          6    ######.


Dungeon Overview and Level Annotations

Branches:
Dungeon (15/15)            Temple (1/1) D:7             Orc (4/4) D:9
    Elf (3/3) Orc:4          Lair (8/8) D:8           Swamp (5/5) Lair:5
  Snake (5/5) Lair:5        Slime (6/6) Lair:8       Vaults (4/5) D:13
  Crypt (3/3) Vaults:2       Tomb (1/3) Crypt:3      Depths (5/5) D:15
   Hell (1/1)                 Dis (0/7) Hell            Geh (0/7) Hell
    Coc (0/7) Hell            Tar (0/7) Hell
    Zot: Depths:5

Altars:
Ashenzari
Cheibriados
Dithmenos
Elyvilon
Fedhas
Kikubaaqudgha
Makhleb
Nemelex Xobeh
Okawaru
Qazlal
Sif Muna
Trog
Vehumet
Xom
Yredelemnul
Zin
The Shining One
Beogh
Jiyva
Lugonu

Shops:
Orc:2 !   Orc:4 *[!!   Elf:1 }   Vaults:3 =   Depths:1 ?

Portals:
Hell: Depths:1 Depths:2 Depths:3 Depths:4 Depths:5
Abyss: Depths:1 Depths:3 Depths:4
Pandemonium: Depths:3 Depths:4
Ziggurat: Depths:3 Depths:5

Annotations:
D:1 dig
Lair:1 Fannar
Crypt:3 exclusion: curse skull
Depths:3 exclusions: ice statue and silver statue


Innate Abilities, Weirdness & Mutations

You are resistant to torment.
You are immune to poison.
You can fly continuously.
Your stone body is very resilient (AC +20).
Your wings are large and strong.
You resist negative energy.
You are resistant to electric shocks.
You can survive without breathing.
You are immune to petrification.
You are immune to rotting.
Your vision is a little blurry.
You possess an exceptional clarity of mind.
Your mind is acute. (Int +2)
You are clumsy. (Dex -2)
Your magical capacity is low (-10% MP).
You occasionally shout uncontrollably at your foes.
You are weak. (Str -2)

Vault maps used:
D:1:      erik_arrival_cave_to_civilisation, minmay_newt_pond
D:3:      okawaru_altar_gauntlet_db, first_bread, kennysheep_minor_cross
D:4:      kennysheep_mini_moat, makhleb_heckhound_becter
D:5:      nicolae_dithmenos_shadow_blocks
D:6:      lemuel_doored_altar, basic_altar, nemelex_deck, uniq_edmund
D:7:      nicolae_overflow_hidden_temple, tso_oasis_becter,
          minmay_temple_entry_overgrown
D:8:      lemuel_coloured_pillars_altar, lair_0_dummy,
          hangedman_little_slice_of_home, uniq_eustachio
D:9:      minmay_orc_entry_guard_dogs, uniq_erolcha
D:10:     minmay_opposing_rooms, onia_ninara_dug_in_and_dangerous
D:11:     lab_entry_generic
D:13:     hangedman_vaults_entry_quadrant_bands
D:14:     minivault_4
D:15:     gammafunk_depths_entry_grave, minmay_misc_feat_enclosed
Temple:   triangle_lava_temple_11
Orc:2:    basic_altar, serial_shops, shop, nicolae_orc_crystal_geode
Orc:3:    nicolae_orc_accident_1, nicolae_orc_pool_cavern, uniq_donald
Orc:4:    grunt_orc_tribal_feast
Elf:1:    eino_elf_arrival_sip, serial_shops, shop
Elf:2:    basic_altar, st_stairs_12, nooodl_food_tri
Elf:3:    minmay_elf_hall_quartered_circle, nicolae_elf_w_pinch
Lair:1:   lemuel_slime, serial_bayou_lagoon_b, uniq_fannar
Lair:2:   infiniplex_staircase_pool
Lair:3:   grunt_forest_large_clearings, serial_bayou_shore_b
Lair:4:   kennysheep_abandoned_house, baited_tele_trap
Lair:5:   swamp_mist_pool, guppyfry_snake_entry_island, grunt_megastairs_2,
          serial_bayou_shore_b
Lair:6:   kennysheep_rathole, minmay_slime_entry_pillars, lemuel_fruit_tree,
          lemuel_fruit_fields
Lair:8:   hangedman_lair_in_review, slime_dummy, serial_bayou_pond_b
Swamp:1:  basic_altar
Swamp:2:  nicolae_swamp_fairy_circle, swamp_pool1
Swamp:3:  evilmike_swamp_ruin_house_5, uniq_wiglaf, uniq_asterion
Swamp:4:  evilmike_swamp_ruin_house_4, swamp_pool5
Swamp:5:  swamp_vile, swamp_pool2
Snake:2:  portal_ice_cave_entry_ice_beasts, spider_trap, basic_stair_grate_trap,
          uniq_aizul
Snake:3:  basic_altar, uniq_mara
Snake:4:  st_stairs_10, spider_trap, nrook_guardian_serpent_double, uniq_norris
Snake:5:  minmay_snake_end_coiled, nicolae_snake_double_loop,
          serial_bayou_shore_a
Slime:2:  cheibrodos_slime_lost_civilization_7
Slime:3:  cheibrodos_slime_lost_civilization_6
Vaults:1: nicolae_vaults_border_crossing, v_misc_30,
          nicolae_vaults_little_squares_1, v_misc_25,
          nicolae_vaults_little_squares_3, vaults_dpeg_ring,
          vaults_mumra_minichess, v_misc_9, nicolae_vaults_rhombus_7, v_misc_12,
          vaults_room_grunt_arrival_checkpoint, nicolae_vaults_ring_of_whatevers
Vaults:2: nicolae_vaults_circle_grid_a, v_pattern_3, grunt_vaults_diagonal,
          vaults_dpeg_cross, grunt_vaults_trifunnel, hangedman_vaults_capsules,
          v_misc_26, minmay_crypt_entry_necro_gods, vaults_dpeg_doors,
          vaults_room_fancy_cross, v_rooms_6, ontoclasm_vaults_loading_screen,
          nicolae_vaults_sealed_display, nicolae_vaults_diagonal_hallway_7,
          serial_shops, bzr_entry_lakeside
Vaults:3: nicolae_vaults_stairing_the_circle, nicolae_vaults_little_squares_4,
          nicolae_vaults_what_the_h, nicolae_vaults_asterisk, serial_shops, shop
Vaults:4: nicolae_vaults_good_morning_starshine, vaults_dpeg_spiral,
          nicolae_vaults_asterisk, vaults_standard_mumra_lines,
          hangedman_vaults_pinch, nicolae_vaults_big_ls, vaults_room_hallway,
          nicolae_vaults_alarming, hangedman_vaults_trim,
          ontoclasm_vaults_shuriken, v_misc_25, vaults_dpeg_encased_lava,
          vaults_dpeg_diagonal, uniq_jory
Crypt:1:  st_stairs_6
Crypt:2:  minmay_misc_feat_five
Crypt:3:  quadcrypt_mu, uniq_xtahua
Tomb:1:   uniq_sojobo
Depths:1: hell_entry, abyss_entry_flame_altar, dk_noncrumbling_1, serial_shops,
          kennysheep_mini, grunt_ministairs_7, patterned_corridor,
          grunt_megastairs_4, firewood_loft
Depths:2: kennysheep_demon_jail, hell_entry, hangedman_decor_riveting,
          kennysheep_random_hallway, minmay_staircase_bubble,
          serial_bayou_shore_b
Depths:3: radiant_caverns_b_rkd, abyss_entry, hell_entry, pan_entry,
          uniq_saint_roka
Depths:4: minmay_tri_box, minmay_room_of_horrors, basic_altar, pan_entry,
          pf_coc_iceberg, infiniplex_staircase_zigzag_1
Depths:5: grunt_zot_entry_alcove, enter_ziggurat_d, grunt_hell_horde,
          mu_enter_wizlab_6, grunt_megastairs_3
Abyss:2:  minivault_28
Pan:      rand_demon_1, grunt_pan_sceptre, evilmike_mini_pan_pillars_b,
          evilmike_mini_pan_pillars, nicolae_pan_lom_lobonic_1,
          evilmike_mini_pan_diamond, nicolae_pan_sigil_obb,
          evilmike_mini_pan_pillars, pan_blood_fountain_small, pan_surprise,
          evilmike_mini_pan_thingy, lom_lobon_st, pan_blood_fountain,
          evilmike_gloorx_vloq_box, evilmike_mini_pan_other_thingy,
          grunt_pan_in_and_out, pan_blood_fountain_small,
          nicolae_pan_gloorx_vloqian_3, grunt_pan_pentagram,
          evilmike_mini_pan_pillars_b, evilmike_mini_pan_other_thingy,
          pan_blood_fountain, grunt_pan_zigzag, enter_ziggurat_pan_b,
          nicolae_pan_gloorx_vloqian_2, grunt_pan_zigzag,
          nicolae_pan_cerebovesque_4, nicolae_pan_sigil_eeng,
          nicolae_pan_hourglass, pan_blood_fountain, nicolae_pan_lom_lobonic_3
Lab:      labyrinth_hidden_loot, nicolae_lab_grate_2
Bazaar:   bazaar_minmay_snake
IceCv:    ice_cave_caverns_02


Message History

You hit the grand avatar but do no damage.
You slice the sixfirhy!!
You kill the sixfirhy!
The Shining One accepts your kill.
You feel a little better.
You feel your power returning.
You hit the grand avatar but do no damage.
The gelid warmonger shoots an arrow.
The arrow completely misses you. The Hell Sentinel gestures at you.
The hellfire explodes!
The blast of hellfire engulfs you!
The blast of hellfire engulfs the Hell Sentinel.
The Hell Sentinel completely resists.
Unknown command.
You hit the grand avatar but do no damage.
You slash the Hell Sentinel!
The Hell Sentinel convulses.
The Hell Sentinel is lightly wounded.
The gelid warmonger invokes the aid of its god against you.
Your magic feels tainted.
The Hell Sentinel misses you. The Hell Sentinel closely misses you.
An ice devil and a gelid demonspawn come into view.
You shout at the ice devil!
You are struck by the Hell Sentinel's spines.
You hit the Hell Sentinel but do no damage.
The Hell Sentinel is lightly wounded.
You hit the grand avatar but do no damage.
The gelid warmonger shoots an arrow.
The arrow barely misses you. The Hell Sentinel barely misses you.
The Hell Sentinel completely misses you.
An infernal warmonger comes into view. It is wielding a runed demon whip.
You slash the grand avatar!
The grand avatar is moderately damaged.
You slice the Hell Sentinel!!
The Hell Sentinel convulses!!
The Hell Sentinel is heavily wounded.
The gelid warmonger shoots an arrow.
The arrow hits you!
Unknown command.
You hit the Hell Sentinel.
The Hell Sentinel convulses.
The Hell Sentinel is severely wounded.
You slice the grand avatar!!
The grand avatar is severely damaged.
The grand avatar fires!
The barrage of energy hits you! The Hell Sentinel misses you.
The Hell Sentinel completely misses you.
The gelid demonspawn misses you.
The infernal warmonger unwields an uncursed runed demon whip.
The infernal warmonger wields a runed longbow.
It is covered in frost.
The infernal warmonger shoots an arrow.
The arrow completely misses you.
The arrow hits the Hell Sentinel!
You slash the Hell Sentinel!
The Hell Sentinel convulses!
The Hell Sentinel is almost dead.
You slice the grand avatar!!
The grand avatar fades into the ether.
The gelid warmonger shoots an arrow.
The arrow barely misses you. The Hell Sentinel gestures at you.
The hellfire explodes!
The blast of hellfire engulfs you!
The blast of hellfire engulfs the Hell Sentinel.
The Hell Sentinel completely resists.
The gelid demonspawn misses you.
Unknown command.
You hit the Hell Sentinel but do no damage.
The Hell Sentinel is almost dead.
The Hell Sentinel hits you but does no damage. x2
The infernal warmonger shoots an arrow.
The arrow closely misses you.
The arrow hits the Hell Sentinel!
The gelid warmonger shoots an arrow.
The arrow hits you but does no damage.
The gelid demonspawn hits you from afar with a trident!
You hit the Hell Sentinel but do no damage.
The Hell Sentinel is almost dead.
The Hell Sentinel completely misses you.
The Hell Sentinel closely misses you.
Unknown command.
You slash the ice devil!
The ice devil convulses!
The ice devil is moderately wounded.
You are struck by the Hell Sentinel's spines.
You hit the Hell Sentinel but do no damage.
The Hell Sentinel is almost dead.
The infernal warmonger utters an invocation to its god.
The infernal warmonger calls forth a grand avatar!
The gelid demonspawn misses you.
The gelid warmonger shoots an arrow.
The arrow hits you!
* * * LOW HITPOINT WARNING * * *
The Hell Sentinel hits you!
* * * LOW HITPOINT WARNING * * *
The Hell Sentinel hits you but does no damage.
The ice devil barely misses you.
Unknown command.
Drink which item? (? for menu, Esc to quit)
Okay, then.
Unknown command.
Unknown command.
You hit the ice devil.
The ice devil convulses!
The ice devil is heavily wounded.
You hit the Hell Sentinel.
The Hell Sentinel convulses.
The Hell Sentinel is almost dead.
The grand avatar blinks!
The grand avatar hits you but does no damage.
The infernal warmonger shoots an arrow.
The arrow hits you!!
* * * LOW HITPOINT WARNING * * *
The arrow freezes you.
* * * LOW HITPOINT WARNING * * *
The gelid demonspawn hits you but does no damage.
The Hell Sentinel hits you!!
You die...

#.... #...# . #...# ..
#...# .... #######...#
..... #.........# ......
#.........#######6.....
#######........R3.......
#ยง6....)(@1##
#.6#######.# #..# .#
#..# .# #..# .# #..# .#
. .# .. #


You could see a Hell Sentinel, 2 demonspawn, an ice devil and a gelid
demonspawn.

Table legend:
 A = Kills in this place as a percentage of kills in entire the game.
 B = Kills by you in this place as a percentage of kills by you in the entire game.
 C = Kills by friends in this place as a percentage of kills by friends in the entire game.
 D = Other kills in this place as a percentage of other kills in the entire game.
 E = Experience gained in this place as a percentage of experience gained in the entire game.
 F = Experience gained in this place divided by the number of levels of this place that you have seen.
                   A       B       C       D       E      F
               +-------+-------+-------+-------+-------+----------------------
         Total | 100.0 | 100.0 | 100.0 | 100.0 | 100.0 | 16620.2
       Dungeon |  16.3 |  16.6 |   4.8 |   0.0 |   4.8 | 4436.8
  Orcish Mines |   6.3 |   6.5 |   0.0 |   0.0 |   1.0 | 3372.5
   Elven Halls |   4.1 |   4.1 |   0.0 |  20.0 |   6.5 | 30348.7
          Lair |  11.5 |  11.3 |  23.8 |   0.0 |   4.2 | 7248.6
         Swamp |   5.9 |   5.8 |  14.3 |   0.0 |   4.9 | 13568.8
     Snake Pit |   4.9 |   4.9 |   2.4 |   0.0 |   5.1 | 14339.4
    Slime Pits |   2.3 |   2.3 |   2.4 |  10.0 |   3.6 | 8468.8
        Vaults |  12.9 |  13.1 |   4.8 |   0.0 |  14.2 | 49407.2
         Crypt |   6.5 |   6.6 |   0.0 |  10.0 |   9.7 | 44964.0
          Tomb |   0.8 |   0.8 |   0.0 |   0.0 |   1.0 | 13692.0
        Depths |  13.2 |  13.2 |   9.5 |  40.0 |  20.3 | 56810.0
          Hell |   3.0 |   3.1 |   0.0 |   0.0 |   4.1 | 57538.0
         Abyss |   0.8 |   0.8 |   0.0 |   0.0 |   1.1 | 5066.0
   Pandemonium |   9.2 |   8.8 |  35.7 |  20.0 |  18.7 | 15357.1
     Labyrinth |   0.2 |   0.1 |   2.4 |   0.0 |   0.1 | 1381.0
      Ice Cave |   2.0 |   2.0 |   0.0 |   0.0 |   0.8 | 11219.0
               +-------+-------+-------+-------+-------+----------------------

Vanquished Creatures
  Gloorx Vloq (Pan)
  Lom Lobon (Pan)
  4 ancient liches
  Saint Roka (Depths:3)
  Geryon (Hell)
  A golden dragon (Depths:4)
  Jory (Vaults:4)
  Xtahua (Crypt:3)
  A bone dragon (Depths:5)
  2 Hell Sentinels (Pan)
  6 pandemonium lords (Pan)
  6 Ice Fiends (Pan)
  A tentacled monstrosity (Swamp:5)
  A titan (Depths:3)
  2 deep elf blademasters (Elf:3)
  A deep elf master archer (Elf:3)
  5 liches
  15 Executioners
  8 acid blobs
  2 storm dragons
  The ghost of magipi the Severer, a mighty GrBe of Trog (Vaults:3)
  A tengu reaver (Depths:5)
  6 sphinxes
  2 shadow dragons
  An ancient champion (Crypt:3)
  5 revenants
  7 azure jellies (Slime:6)
  3 fire giants
  4 greater nagas (Snake:5)
  10 deep elf sorcerers
  2 chaos champions (Pan)
  Donald (Orc:3)
  8 balrugs
  An iron dragon (Hell)
  7 emperor scorpions
  Aizul (Snake:2)
  4 cacodemons (Pan)
  6 frost giants
  A warmonger (Pan)
  A draconian zealot (Depths:5)
  3 ghouls
  9 vault wardens
  10 war gargoyles
  2 blood saints (Pan)
  9 reapers
  3 spriggan defenders (Depths:5)
  16 very ugly things
  8 deep elf demonologists (Elf:3)
  3 salamander firebrands (Hell)
  3 vampire knights
  3 corrupters (Pan)
  A draconian caller (Depths:5)
  16 stone giants
  8 deep elf annihilators
  6 lorocyprocas (Pan)
  A white draconian (Depths:5)
  A yellow draconian (Depths:5)
  5 rakshasas
  3 dire elephants
  A mottled draconian (Depths:5)
  3 black suns (Pan)
  7 deep elf death magi
  2 red draconians (Depths:5)
  8 blizzard demons
  9 vault guards
  A merfolk javelineer (Depths:4)
  5 mummy priests (Tomb:1)
  4 ettins
  9 fire dragons
  7 crystal guardians (Depths:3)
  2 death oozes (Slime:6)
  2 eidola (Crypt:3)
  A minotaur (Depths:5)
  4 deep elf high priests
  3 jiangshi (Crypt:2)
  8 yaktaur captains
  10 ironheart preservers
  A minotaur (shapeshifter) (Depths:3)
  8 green deaths
  3 anacondas
  6 monstrous demonspawn (Pan)
  6 great orbs of eyes
  13 hydras
  12 ice dragons
  10 naga warriors
  3 ghost crabs
  9 centaur warriors
  2 anacondas (shapeshifter)
  8 ravenous item mimics (Depths:3)
  7 spriggan air magi
  A shambling mangrove (Swamp:2)
  A great orb of eyes (shapeshifter) (Depths:3)
  13 dancing weapons
  6 alligators
  A merfolk aquamancer (Pan)
  9 death yaks
  4 tengu warriors
  8 thrashing horrors
  3 deep troll shamans
  17 ogre magi
  4 deep troll earth magi (Depths:5)
  A spriggan berserker (Depths:5)
  4 vampire magi
  3 shock serpents
  6 naga sharpshooters
  3 orc high priests (Orc:4)
  7 hell hogs
  12 sun demons
  A storm dragon zombie (Crypt:1)
  2 fire crabs (shapeshifter)
  18 deep elf knights
  7 soul eaters
  2 titan skeletons
  8 spriggans
  A spectral anaconda (Crypt:2)
  2 iron trolls
  A spatial maelstrom (Abyss:3)
  9 unseen horrors
  An anaconda zombie (Hell)
  17 large abominations
  18 hell knights
  31 skeletal warriors
  12 ice devils
  An orb spider (shapeshifter) (Depths:3)
  3 ball lightnings
  5 salamander mystics
  A storm dragon skeleton (Crypt:2)
  A golden dragon zombie (Crypt:1)
  5 fire crabs
  5 swamp dragons
  16 deep elf summoners
  8 gelid demonspawn (Pan)
  A spriggan druid (Swamp:4)
  A sea snake (Snake:5)
  An unseen horror (shapeshifter) (Depths:5)
  2 golden dragon skeletons
  2 giant orange brains
  9 shadow demons
  5 ice statues
  3 hellions
  A swamp dragon (shapeshifter) (Depths:3)
  5 putrid demonspawn (Pan)
  2 deep trolls (shapeshifter)
  14 flayed ghosts
  3 naga ritualists
  14 ironbrand convokers
  7 shadow wraiths
  Erolcha (D:9)
  An oklob plant (Lair:1)
  13 deep trolls
  A lindwurm (shapeshifter) (Depths:3)
  A tengu zombie (Depths:1)
  9 wizards
  7 infernal demonspawn (Pan)
  A wolf spider zombie (Crypt:2)
  17 hill giants
  14 harpies
  2 sphinx zombies (Depths:1)
  5 torturous demonspawn (Pan)
  An ugly thing zombie (Depths:1)
  2 anaconda skeletons
  A lindwurm (Lair:8)
  17 deep elf conjurers
  3 orc sorcerers (Orc:4)
  A harpy (shapeshifter) (Vaults:1)
  5 red wasps
  84 ugly things
  A stone giant zombie (Hell)
  13 necromancers
  7 griffons
  15 orc knights
  A wolf spider (shapeshifter) (Vaults:4)
  A moth of wrath (Pan)
  2 shining eyes
  9 salamanders
  A fire giant zombie (Crypt:2)
  A red wasp (shapeshifter) (Vaults:1)
  2 frost giant zombies (Hell)
  3 wolf spiders (Vaults:1)
  22 sixfirhies
  5 mana vipers
  2 salamanders (shapeshifter) (Depths:3)
  4 cyclopes
  A spectral ettin (Crypt:2)
  7 phantasmal warriors
  A sphinx skeleton (Vaults:2)
  A draconian (shapeshifter) (Vaults:2)
  2 manticores
  A centaur zombie (D:14)
  A moth of wrath (shapeshifter) (Vaults:2)
  2 octopodes (shapeshifter)
  2 frost giant skeletons
  A human skeleton (Vaults:2)
  8 fire giant skeletons (Crypt:3)
  2 guardian serpents (Snake:4)
  2 dire elephant zombies
  2 molten gargoyles (Depths:3)
  A stone giant skeleton (Crypt:3)
  2 elephants (shapeshifter) (Depths:3)
  18 smoke demons (Pan)
  33 black mambas
  A spiny frog (shapeshifter) (Depths:4)
  5 iron devils
  12 elephants
  16 vault sentinels
  A dire elephant skeleton (Crypt:2)
  25 orange demons
  7 gargoyles
  4 torpor snails
  A feature mimic (Lair:6)
  23 spiny frogs
  A shock serpent skeleton (Crypt:1)
  A white draconian zombie (Crypt:1)
  8 naga magi
  2 emperor scorpion zombies
  A yaktaur (shapeshifter) (Depths:2)
  2 kobold demonologists
  2 tengu conjurers
  4 spriggan zombies
  15 komodo dragons
  12 demonic crawlers
  20 red devils
  An item mimic (Snake:5)
  4 anaconda simulacra
  10 deep elf priests
  A golden dragon simulacrum (IceCv)
  2 fire drakes
  41 yaktaurs
  12 guardian mummies
  4 jumping spiders
  20 hellwings
  A mottled draconian skeleton (Crypt:2)
  A silent spectre (Crypt:2)
  A wolf spider simulacrum (Crypt:3)
  5 polar bears
  4 blue devils
  A hydra zombie (Hell)
  2 fire vortices (Depths:3)
  A merfolk (shapeshifter) (Depths:3)
  A wind drake (shapeshifter) (Depths:3)
  2 giant leeches
  A jumping spider (shapeshifter) (Depths:3)
  4 wind drakes (Depths:3)
  95 slime creatures
  An ettin zombie (Vaults:2)
  2 hydra skeletons
  21 ravens
  8 trolls
  19 blink frogs
  2 boulder beetles (Lair:8)
  38 two-headed ogres
  10 freezing wraiths
  A blink frog (shapeshifter) (Depths:1)
  2 alligator zombies
  A trapdoor spider (D:11)
  21 air elementals
  A red wasp zombie (D:15)
  19 shadows
  11 bog bodies
  4 wyverns
  3 spriggans (shapeshifter)
  A basilisk (shapeshifter) (Vaults:4)
  11 fire dragon skeletons
  2 ettin skeletons
  3 baby alligators (Swamp:2)
  18 deep elf magi
  19 flying skulls
  An ice dragon skeleton (Crypt:1)
  10 tarantellas
  12 wraiths
  4 dire elephant simulacra
  2 alligator skeletons
  2 vampires
  8 water elementals
  7 fire elementals
  A hill giant zombie (D:15)
  13 redbacks
  4 fire bats
  Eustachio (D:8)
  A tarantella (shapeshifter) (Depths:3)
  4 chaos spawn
  A trapdoor spider (shapeshifter) (Depths:5)
  7 hippogriffs
  30 vampire mosquitoes
  The ghost of magipi the Chopper, an average HOGl (D:3)
  3 death yak simulacra
  34 deep elf fighters
  7 hell beasts
  12 wolves
  12 ynoxinuls
  A hill giant skeleton (D:13)
  34 yaks
  10 hungry ghosts
  5 iron troll simulacra (IceCv)
  8 neqoxecs
  A wolf (shapeshifter) (Depths:3)
  Edmund (D:6)
  A mottled dragon (Vaults:1)
  42 nagas
  16 swamp worms
  11 wargs
  4 small abominations
  2 ogre skeletons
  2 harpy simulacra (IceCv)
  A mottled dragon (shapeshifter) (Vaults:4)
  2 soldier ants (shapeshifter) (Depths:3)
  19 porcupines
  9 black bears
  22 hell hounds
  An ice beast (shapeshifter) (Depths:3)
  7 swamp drakes
  A ghost crab zombie (Crypt:2)
  A swamp dragon zombie (Crypt:1)
  3 hydra simulacra
  26 ice beasts
  34 orc warriors
  An alligator simulacrum (Crypt:3)
  33 water moccasins
  4 sky beasts
  3 phantoms
  3 spiny frog skeletons
  19 centaurs
  73 ogres
  10 yellow wasps
  A deep dwarf (shapeshifter) (Vaults:1)
  A dwarf (shapeshifter) (Vaults:4)
  A snapping turtle skeleton (Crypt:3)
  5 necrophages
  3 boggarts (D:15)
  A spectral demonspawn (Crypt:1)
  16 crocodiles
  2 boring beetles
  A fire drake zombie (Crypt:1)
  3 manticore skeletons
  A torpor snail zombie (Crypt:1)
  22 giant frogs
  A big kobold (shapeshifter) (Vaults:4)
  4 human zombies
  2 brain worms
  4 lost souls
  A wyvern zombie (D:8)
  A human simulacrum (Vaults:2)
  4 big kobolds
  9 earth elementals (Depths:3)
  A spiny frog simulacrum (Hell)
  5 insubstantial wisps
  2 swamp dragon simulacra
  A yaktaur skeleton (D:14)
  A manticore simulacrum (Crypt:1)
  5 eyes of draining
  2 hell hound skeletons (Hell)
  6 scorpions
  5 killer bees (D:12)
  A queen bee zombie (Crypt:2)
  An orc simulacrum (Vaults:1)
  An elf simulacrum (Vaults:2)
  2 yak skeletons (Orc:4)
  16 wights
  A troll skeleton (D:7)
  6 electric eels
  15 hounds
  4 crimson imps
  4 draconian simulacra (IceCv)
  A goliath beetle (D:10)
  22 jellies
  5 starcursed masses (Crypt:3)
  A giant frog skeleton (D:10)
  2 iron imps (Hell)
  27 orc priests
  11 iguanas
  9 worker ants
  2 centaur skeletons
  A gnoll shaman (D:5)
  26 orc wizards
  A demonspawn skeleton (Crypt:2)
  A polar bear simulacrum (IceCv)
  27 orange rats
  3 troll simulacra (IceCv)
  A spectral killer bee (Crypt:3)
  32 sheep
  3 spriggan simulacra
  A sky beast zombie (Crypt:2)
  A centaur simulacrum (IceCv)
  15 mummies
  15 gnolls
  21 adders
  41 green rats
  An ogre simulacrum (IceCv)
  2 worm zombies
  6 naga simulacra (IceCv)
  6 shadow imps
  9 white imps
  6 worms
  34 ufetubi
  2 adder skeletons
  5 orc zombies
  7 giant geckos
  24 oozes
  140 orcs
  9 bats
  6 giant cockroaches
  28 goblins
  21 hobgoblins
  11 jackals
  37 kobolds
  10 quokkas
  A ball python zombie (D:5)
  12 giant newts
  3 giant spores
  A gnoll skeleton (Crypt:1)
  A hobgoblin zombie (D:7)
  2 kobold skeletons
  2 orc skeletons
  A quokka skeleton (D:4)
  17 rats
  8 rat skeletons (Orc:4)
  A rat zombie (D:6)
  10 ballistomycetes
  2 crawling corpses (Vaults:4)
  6 fungi
  A grand avatar (Pan)
  7 plants
3179 creatures vanquished.

Vanquished Creatures (collateral kills)
  the royal jelly (Slime:6)
  Norris (Snake:4)
  Asterion (Swamp:3)
  An Ice Fiend (Pan)
  2 acid blobs (Slime:6)
  2 Executioners (Pan)
  2 azure jellies (Slime:6)
  Wiglaf (Swamp:3)
  2 death oozes (Slime:6)
  An ettin (Vaults:4)
  A minotaur (Lab)
  3 hydras
  2 spriggan berserkers (Depths:5)
  A deep elf knight (Vaults:3)
  2 large abominations (Pan)
  A shadow demon (Pan)
  A cyclops (D:10)
  3 sixfirhies (Pan)
  3 orange demons (Pan)
  2 demonic crawlers (Pan)
  A blink frog (Lair:3)
  4 yaks (Lair:5)
  A spriggan (Depths:5)
  3 vampire mosquitoes (Swamp:3)
  2 wolves (Lair:3)
  A hippogriff (Lair:5)
  A yellow wasp (Depths:5)
  A spriggan skeleton (Pan)
  A scorpion zombie (D:10)
48 creatures vanquished.

Vanquished Creatures (others)
  A daeva (Pan)
  A very ugly thing (Depths:1)
  A deep elf knight (Elf:1)
  An iron troll (Slime:6)
  A deep troll (shapeshifter) (Depths:3)
  19 ball lightnings
  A necromancer (Crypt:2)
  A deep elf conjurer (Elf:2)
  2 hill giants
  A sixfirhy (Pan)
  2 smoke demons (Pan)
  2 hellwings (Pan)
  2 trolls (Slime:6)
  A fire vortex (Depths:3)
  A slime creature (Slime:1)
  An air elemental (Depths:5)
  2 fire elementals
  A deep elf fighter (Elf:2)
  An ogre (Vaults:1)
  12 lost souls
  An orc (D:8)
  2 kobolds (D:8)
  A giant newt (shapeshifter) (Depths:3)
  3 rat skeletons (Orc:4)
  6 fungi
  3 plants (D:15)
  2 starspawn tentacle segments (Abyss:3)
72 creatures vanquished.

Grand Total: 3299 creatures vanquished

Notes
Turn   | Place    | Note
--------------------------------------------------------------
     0 | D:1      | magipi, the Gargoyle Berserker, began the quest for the Orb.
     0 | D:1      | Reached XP level 1. HP: 14/14 MP: 1/1
    99 | D:1      | Noticed an ogre
    99 | D:1      | Noticed an ogre
   100 | D:1      | Noticed an ogre
   102 | D:1      | Noticed an ogre
   274 | D:1      | Reached XP level 2. HP: 19/19 MP: 2/2
   707 | D:2      | Acquired Trog's second power
   739 | D:2      | Reached XP level 3. HP: 7/23 MP: 3/3
   956 | D:2      | Reached skill level 4 in Axes
  1251 | D:2      | Reached XP level 4. HP: 15/28 MP: 4/4
  1704 | D:3      | Noticed magipi's ghost (average HOGl)
  1720 | D:3      | Killed magipi's ghost
  1720 | D:3      | Reached skill level 5 in Axes
  1720 | D:3      | Reached XP level 5. HP: 18/32 MP: 5/5
  1905 | D:3      | Found an iron altar of Okawaru.
  1910 | D:3      | Reached XP level 6. HP: 26/37 MP: 6/6
  1913 | D:3      | Reached skill level 6 in Axes
  2278 | D:4      | Reached skill level 7 in Axes
  2278 | D:4      | Reached XP level 7. HP: 29/41 MP: 7/7
  2293 | D:4      | Found a burning altar of Makhleb.
  2311 | D:4      | Acquired Trog's third power
  2755 | D:4      | Found a blossoming altar of Fedhas.
  2799 | D:5      | Entered Level 5 of the Dungeon
  2921 | D:5      | Found a shadowy altar of Dithmenos.
  3064 | D:5      | Received a gift from Trog
  3072 | D:5      | Reached skill level 8 in Axes
  3430 | D:6      | Found a deep blue altar of Sif Muna.
  3459 | D:5      | Reached XP level 8. HP: 44/46 MP: 8/8
  3666 | D:6      | Reached skill level 9 in Axes
  3799 | D:6      | Found an ancient bone altar of Kikubaaqudgha.
  3803 | D:6      | Noticed Edmund
  3820 | D:6      | Killed Edmund
  3988 | D:6      | Reached skill level 1 in Throwing
  4018 | D:6      | Found a sparkling altar of Nemelex Xobeh.
  4333 | D:7      | Found a sparkling altar of Nemelex Xobeh.
  4392 | D:7      | Reached XP level 9. HP: 45/52 MP: 9/9
  4520 | D:7      | Received a gift from Trog
  4711 | D:7      | Found a staircase to the Ecumenical Temple.
  4750 | Temple   | Entered the Ecumenical Temple
  4812 | D:7      | Noticed a cyclops
  4819 | D:7      | HP: 3/79 [cyclops (22)]
  4822 | D:7      | Killed a cyclops
  4822 | D:7      | Reached skill level 5 in Fighting
  4822 | D:7      | Reached skill level 10 in Axes
  4952 | D:7      | Found a glowing golden altar of the Shining One.
  5389 | D:8      | Noticed a tengu warrior
  5397 | D:8      | Reached skill level 5 in Armour
  5405 | D:8      | Reached XP level 10. HP: 34/61 MP: 10/10
  5410 | D:8      | Killed a tengu warrior
  5494 | D:8      | Found a staircase to the Lair.
  5570 | D:8      | Noticed Eustachio
  5600 | D:8      | Killed Eustachio
  5600 | D:8      | Reached skill level 5 in Throwing
  5730 | D:8      | Found a shattered altar of Ashenzari.
  5792 | D:8      | Reached skill level 1 in Evocations
  6032 | D:9      | Noticed Erolcha
  6143 | D:9      | Found a staircase to the Orcish Mines.
  6158 | D:9      | Received a gift from Trog
  6344 | D:9      | Reached XP level 11. HP: 62/69 MP: 17/17
  6533 | D:9      | Killed Erolcha
  6686 | D:10     | Entered Level 10 of the Dungeon
  6908 | D:10     | Received a gift from Trog
  6977 | D:10     | Noticed a hill giant
  6993 | D:10     | Killed a hill giant
  7033 | D:10     | Reached skill level 5 in Evocations
  7047 | D:10     | Noticed a stone giant
  7101 | Lair:1   | Entered Level 1 of the Lair of Beasts
  7118 | Lair:1   | Received a gift from Trog
  7415 | Lair:1   | Noticed Fannar
  8132 | Lair:3   | Noticed a death yak
  8331 | Lair:3   | Killed a death yak
  8331 | Lair:3   | Reached skill level 10 in Fighting
  8331 | Lair:3   | Reached XP level 12. HP: 47/77 MP: 14/22
  8519 | Lair:4   | Reached skill level 10 in Armour
  8923 | Lair:4   | Reached skill level 5 in Dodging
  8938 | Lair:4   | Reached skill level 11 in Axes
  8949 | Lair:4   | Received a gift from Trog
  9012 | Lair:4   | Noticed a seven-headed hydra
  9151 | Lair:4   | Killed an eight-headed hydra
  9175 | Lair:5   | Noticed a five-headed hydra
  9177 | Lair:5   | Killed a five-headed hydra
  9598 | Lair:5   | Found a staircase to the Swamp.
  9662 | Lair:5   | Reached XP level 13. HP: 82/82 MP: 25/25
  9669 | Lair:5   | Received a gift from Trog
  9681 | Lair:5   | Found a staircase to the Snake Pit.
  9829 | Lair:5   | Received a gift from Trog
 10195 | Lair:6   | Received a gift from Trog
 10259 | Lair:6   | Reached skill level 12 in Axes
 10310 | Lair:6   | Found a staircase to the Slime Pits.
 10320 | Lair:6   | the staircase to the Slime Pits was a mimic.
 10785 | Lair:7   | Reached skill level 10 in Evocations
 11013 | Lair:8   | Entered Level 8 of the Lair of Beasts
 11151 | Lair:8   | Received a gift from Trog
 11276 | Lair:8   | Gained mutation: Your wings are large and strong. [gargoyle growth]
 11276 | Lair:8   | Reached XP level 14. HP: 39/88 MP: 11/27
 11375 | Lair:8   | Found a staircase to the Slime Pits.
 11556 | Lair:8   | Reached skill level 13 in Axes
 12500 | Orc:1    | Entered Level 1 of the Orcish Mines
 12512 | Orc:1    | Received a gift from Trog
 12919 | Orc:2    | Found a roughly hewn altar of Beogh.
 12979 | Orc:2    | Found Zodum's Distillery.
 12985 | Orc:2    | Bought a potion of heal wounds for 42 gold pieces
 12985 | Orc:2    | Bought a potion of cancellation for 77 gold pieces
 12985 | Orc:2    | Bought a potion of heal wounds for 42 gold pieces
 13030 | Orc:1    | Received a gift from Trog
 13135 | Orc:3    | Noticed Donald
 13157 | Orc:3    | Killed Donald
 13482 | Orc:4    | Entered Level 4 of the Orcish Mines
 13550 | Orc:4    | Received a gift from Trog
 13665 | Orc:4    | Received a gift from Trog
 13747 | Orc:4    | Received a gift from Trog
 13806 | Orc:4    | Found a staircase to the Elven Halls.
 13991 | Orc:4    | Reached skill level 10 in Dodging
 14079 | Orc:4    | Found Cicanaga's Distillery.
 14107 | Orc:4    | Reached skill level 14 in Axes
 14116 | Orc:4    | Found Mnuoc's General Store.
 14117 | Orc:4    | Found Khungof's Distillery.
 14117 | Orc:4    | Found Eceneirr's Antique Armour Shoppe.
 14123 | Orc:4    | Bought a potion of invisibility for 77 gold pieces
 14123 | Orc:4    | Bought 2 potions of brilliance for 70 gold pieces
 14127 | Orc:4    | Bought a potion of heal wounds for 36 gold pieces
 14127 | Orc:4    | Bought a potion of haste for 84 gold pieces
 14129 | Orc:4    | Bought a pair of glowing gloves for 148 gold pieces
 14143 | Orc:4    | Bought a potion of heal wounds for 48 gold pieces
 14143 | Orc:4    | Bought a potion of heal wounds for 48 gold pieces
 14143 | Orc:4    | Bought 3 scrolls of blinking for 360 gold pieces
 14143 | Orc:4    | Bought a scroll of identify for 32 gold pieces
 14149 | Orc:4    | Bought 2 potions of might for 70 gold pieces
 14149 | Orc:4    | Bought a potion of invisibility for 77 gold pieces
 14149 | Orc:4    | Bought 2 potions of curing for 56 gold pieces
 14470 | D:10     | Noticed an eight-headed hydra
 14476 | D:10     | Killed an eight-headed hydra
 14582 | D:11     | Found a labyrinth entrance.
 14594 | Lab      | Entered a labyrinth
 14759 | Lab      | Got a sparkling turquoise ring
 14761 | Lab      | Identified the ring "Ymmiusos" {MR+ Dex+3} (You found it in a labyrinth)
 14799 | Lab      | Identified the Almanac of Freezing Dark Rites (You found it in a labyrinth)
 14804 | Lab      | Got a polished chain mail
 14815 | Lab      | Identified the cursed -4 chain mail of the Other Side {Str+4 Stlth++} (You found it in a labyrinth)
 14901 | D:11     | Identified Patt's Almanac of Benedictions and Transmigration (You found it on level 11 of the Dungeon)
 15302 | D:11     | Received a gift from Trog
 15358 | D:10     | Noticed a tengu warrior
 15361 | D:10     | Noticed a hill giant
 15387 | D:10     | Killed a tengu warrior
 15392 | D:10     | Killed a stone giant
 15396 | D:10     | Killed a hill giant
 15396 | D:10     | Reached XP level 15. HP: 85/92 MP: 25/28
 15423 | D:10     | Got a wavering golden ring
 15425 | D:10     | Identified the ring of Koyts {Ice rN+} (You found it on level 10 of the Dungeon)
 16556 | D:13     | Received a gift from Trog
 17063 | D:13     | Found a gate to the Vaults.
 17241 | D:14     | Reached skill level 15 in Axes
 17498 | D:14     | Received a gift from Trog
 17895 | D:14     | Received a gift from Trog
 18114 | D:15     | Entered Level 15 of the Dungeon
 18554 | D:15     | Found a staircase to the Depths.
 19080 | Lair:1   | Received a gift from Trog
 19343 | Lair:1   | Reached XP level 16. HP: 56/97 MP: 26/29
 19497 | Snake:1  | Entered Level 1 of the Snake Pit
 19875 | Snake:1  | Received a gift from Trog
 20105 | Snake:2  | Noticed Aizul
 20138 | Snake:2  | Killed Aizul
 20138 | Snake:2  | Reached skill level 16 in Axes
 20154 | Snake:2  | Found a frozen archway.
 20189 | IceCv    | Entered an ice cave
 20361 | IceCv    | Received a gift from Trog
 20853 | IceCv    | Got a smoking bone ring
 20854 | IceCv    | Identified the ring "Ciommam" {Ice Str+1 Dex-4 Int+2} (You found it in an ice cave)
 21170 | Snake:3  | Found a white marble altar of Elyvilon.
 21221 | Snake:3  | Noticed Mara
 21224 | Snake:3  | Noticed magipi's illusion
 21794 | Snake:4  | Noticed Norris
 21816 | Snake:4  | Killed Norris
 21899 | Snake:5  | Entered Level 5 of the Snake Pit
 21978 | Snake:5  | Received a gift from Trog
 22147 | Snake:5  | Reached XP level 17. HP: 33/106 MP: 16/31
 22504 | Snake:5  | Got a ring of the Octopus King
 22507 | Snake:5  | Identified a ring of the Octopus King {MP+9 AC+1 EV+1 Str+1 Dex+1 Int+1} (You took it off a naga warrior on level 5 of the Snake Pit)
 22938 | Snake:5  | Received a gift from Trog
 23086 | Snake:5  | Received a gift from Trog
 23086 | Snake:5  | Reached skill level 17 in Axes
 23177 | Snake:5  | Got a serpentine rune of Zot
 23373 | Swamp:1  | Entered Level 1 of the Swamp
 23536 | Swamp:1  | Found a snail-covered altar of Cheibriados.
 23919 | Swamp:3  | Noticed Asterion
 24047 | Swamp:3  | Noticed a spectral weapon
 24048 | Swamp:3  | Killed Asterion
 24336 | Swamp:5  | Entered Level 5 of the Swamp
 24476 | Swamp:5  | Reached XP level 18. HP: 93/116 MP: 32/32
 24642 | Swamp:5  | Received a gift from Trog
 24670 | Swamp:5  | Noticed a tentacled monstrosity
 24685 | Swamp:5  | Killed a tentacled monstrosity
 24710 | Swamp:5  | Got a decaying rune of Zot
 24967 | Swamp:3  | Received a gift from Trog
 25032 | Swamp:3  | Noticed Wiglaf
 25054 | Swamp:3  | Killed Wiglaf
 25506 | Elf:1    | Entered Level 1 of the Elven Halls
 25636 | Elf:1    | Received a gift from Trog
 25680 | Elf:1    | Reached skill level 18 in Axes
 26080 | Elf:1    | Found Yviputuh's Gadget Shop.
 26088 | Elf:1    | Bought a wand of confusion (16) for 229 gold pieces
 26373 | Elf:2    | Received a gift from Trog
 26530 | Elf:2    | Reached skill level 15 in Fighting
 26892 | Elf:2    | Found a burning altar of Makhleb.
 26897 | Elf:2    | Received a gift from Trog
 27126 | Elf:3    | Entered Level 3 of the Elven Halls
 27267 | Elf:3    | Received a gift from Trog
 27476 | Elf:3    | Reached XP level 19. HP: 124/124 MP: 33/33
 27595 | Elf:3    | Received a gift from Trog
 27624 | Elf:3    | Received a gift from Trog
 27642 | Elf:3    | Reached skill level 10 in Throwing
 27715 | Elf:3    | Received a gift from Trog
 27735 | Elf:3    | Received a gift from Trog
 27856 | Elf:3    | Got a twitching jade ring
 27857 | Elf:3    | Identified the ring "Enuagg" {Str+3 Int+3 SInv} (You found it on level 3 of the Elven Halls)
 27886 | Elf:3    | Noticed a Brimstone Fiend
 27958 | Elf:3    | Identified a scroll of acquirement
 27984 | Elf:3    | Got a pair of blackened boots
 27985 | Elf:3    | Identified the +2 pair of boots of Psethrem {Str-2 Int-5} (You found it on level 3 of the Elven Halls)
 28003 | Elf:3    | Reached skill level 5 in Stealth
 28003 | Elf:3    | Reached XP level 20. HP: 131/131 MP: 34/34
 28876 | Vaults:1 | Entered Level 1 of the Vaults
 28970 | Vaults:1 | Received a gift from Trog
 29340 | Vaults:1 | Reached skill level 19 in Axes
 29492 | Vaults:2 | Received a gift from Trog
 29714 | Vaults:2 | Reached XP level 21. HP: 130/137 MP: 35/35
 29946 | Vaults:2 | Found a staircase to the Crypt.
 29946 | Vaults:2 | Found a basalt altar of Yredelemnul.
 29947 | Vaults:2 | Found an ancient bone altar of Kikubaaqudgha.
 30082 | Vaults:2 | Received a gift from Trog
 30406 | Vaults:2 | Found a flickering gateway to a bazaar.
 30432 | Bazaar   | Entered a bazaar
 30438 | Bazaar   | Found Cide's Distillery.
 30452 | Bazaar   | Found Brezihem's Food Boutique.
 30481 | Bazaar   | Found Teukkeig's Food Boutique.
 30509 | Bazaar   | Found Smaqiv's Food Boutique.
 30523 | Bazaar   | Found Ihaicarph's Magic Scroll Shop.
 30532 | Bazaar   | Bought a scroll of enchant armour for 105 gold pieces
 30532 | Bazaar   | Bought a scroll of recharging for 133 gold pieces
 30532 | Bazaar   | Bought a scroll of teleportation for 42 gold pieces
 30555 | Bazaar   | Bought a scroll of fear for 49 gold pieces
 30628 | Bazaar   | Bought a potion of curing for 34 gold pieces
 30628 | Bazaar   | Bought a potion of heal wounds for 51 gold pieces
 30628 | Bazaar   | Bought 2 potions of agility for 85 gold pieces
 30628 | Bazaar   | Bought a potion of might for 42 gold pieces
 30628 | Bazaar   | Bought a potion of curing for 34 gold pieces
 30628 | Bazaar   | Bought a potion of might for 42 gold pieces
 30757 | Vaults:2 | Got a transparent ring mail
 30759 | Vaults:2 | Identified the +1 ring mail of Bopeagoa {rF++ Str+3 Dex+3} (You found it on level 2 of the Vaults)
 31142 | Vaults:3 | Received a gift from Trog
 31456 | Vaults:3 | Found Veybri's Jewellery Shoppe.
 31460 | Vaults:3 | Bought the ring of the Sun {+Fly rF+ SInv} for 535 gold pieces
 31808 | Vaults:3 | Noticed magipi's ghost (mighty GrBe)
 31845 | Vaults:3 | Killed magipi's ghost
 32118 | Vaults:4 | Received a gift from Trog
 32345 | Vaults:4 | Received a gift from Trog
 32373 | Vaults:4 | Reached skill level 20 in Axes
 32388 | Vaults:4 | Identified Sysuj's Incunabulum of Conjuration and Ignition (You found it on level 4 of the Vaults)
 32710 | Vaults:4 | Reached XP level 22. HP: 148/148 MP: 35/35
 32934 | Vaults:4 | Received a gift from Trog
 33079 | Vaults:4 | Received a gift from Trog
 33152 | Vaults:4 | Received a gift from Trog
 33274 | Vaults:4 | Noticed Jory
 33283 | Vaults:4 | Killed Jory
 33924 | Vaults:1 | Received a gift from Trog
 34408 | D:15     | Received a gift from Trog
 34514 | Depths:1 | Entered Level 1 of the Depths
 34657 | Depths:1 | Received a gift from Trog
 34881 | Depths:1 | Found a corrupted altar of Lugonu.
 34882 | Depths:1 | Found Cluada's Magic Scroll Boutique.
 34885 | Depths:1 | Bought a scroll of blinking for 105 gold pieces
 34904 | Depths:1 | Received a gift from Trog
 34928 | Depths:1 | Found a one-way gate to the infinite horrors of the Abyss.
 34964 | Depths:1 | Found a gateway to Hell.
 35000 | Depths:1 | Received a gift from Trog
 35025 | Depths:1 | Received a gift from Trog
 35059 | Depths:1 | Received a gift from Trog
 35493 | Depths:1 | Reached XP level 23. HP: 118/155 MP: 36/36
 35655 | Depths:2 | Reached skill level 21 in Axes
 35722 | Depths:2 | Identified the Incunabulum of Attacks (You found it on level 2 of the Depths)
 36144 | Depths:2 | Received a gift from Trog
 37124 | Depths:4 | Found a one-way gate leading to the halls of Pandemonium.
 37304 | Depths:4 | Found a burning altar of Makhleb.
 37644 | Depths:4 | Got a twisted plate armour
 37645 | Depths:4 | Identified the cursed -11 plate armour of the Leaf {MR+ SInv} (You found it on level 4 of the Depths)
 37893 | Depths:4 | Received a gift from Trog
 38266 | Depths:3 | Received a gift from Trog
 38612 | Depths:3 | Noticed Saint Roka
 38654 | Depths:3 | Killed Saint Roka
 38695 | Depths:3 | Reached XP level 24. HP: 135/160 MP: 36/36
 39050 | Depths:3 | Found a gateway to a ziggurat.
 39245 | Depths:5 | Entered Level 5 of the Depths
 39259 | Depths:5 | Found a gateway to a ziggurat.
 39290 | Depths:5 | Reached skill level 15 in Armour
 39376 | Depths:5 | Found a magical portal.
 39462 | Depths:5 | Received a gift from Trog
 39638 | Depths:5 | Reached skill level 22 in Axes
 39709 | Depths:5 | Received a gift from Trog
 40538 | Depths:5 | Received a gift from Trog
 41311 | Lair:4   | Got a slimy leather armour
 41315 | Lair:4   | Identified the +2 leather armour "Sunt" {Dex-4 Int+3} (You found it on level 4 of the Lair of Beasts)
 41532 | Slime:1  | Entered Level 1 of the Pits of Slime
 41545 | Slime:1  | Received a gift from Trog
 41581 | Slime:2  | Gained mutation: Your vision is a little blurry. [a shining eye]
 41583 | Slime:2  | Gained mutation: Your magical capacity is low (-10% MP). [a shining eye]
 41690 | Slime:6  | Entered Level 6 of the Pits of Slime
 41914 | Slime:6  | Found a viscous altar of Jiyva.
 41922 | Slime:6  | Reached XP level 25. HP: 154/165 MP: 33/33
 41929 | Slime:6  | Noticed the royal jelly
 41955 | Slime:6  | Killed the royal jelly
 41955 | Slime:6  | Reached skill level 15 in Dodging
 41979 | Slime:6  | Gained mutation: You are clumsy. (Dex -2) [a shining eye]
 42048 | Slime:6  | Got a vibrating glass ring
 42050 | Slime:6  | Got a slimy rune of Zot
 42061 | Slime:6  | Identified the ring of Mnioty {Ice Int+3} (You found it on level 6 of the Pits of Slime)
 42086 | Slime:6  | Got a dazzling scale mail
 42087 | Slime:6  | Identified the +1 scale mail of the Gusle {rF+ rC++ Dex-1} (You found it on level 6 of the Pits of Slime)
 42184 | Slime:6  | Got an ancient plate armour
 42185 | Slime:6  | Identified the +6 plate armour of the Desert {Str+3 Dex+2} (You found it on level 6 of the Pits of Slime)
 42951 | D:7      | Fell from the grace of Trog
 42951 | D:7      | Became a worshipper of the Shining One
 42956 | D:7      | Learned a level 1 spell: Apportation
 42959 | D:7      | Learned a level 2 spell: Blink
 43253 | Crypt:1  | Entered Level 1 of the Crypt
 43275 | Crypt:1  | Reached skill level 1 in Translocations
 43329 | Vaults:2 | Reached skill level 1 in Spellcasting
 43986 | Crypt:1  | Acquired the Shining One's first power
 44309 | Crypt:1  | Acquired the Shining One's second power
 44612 | Crypt:1  | Reached skill level 5 in Translocations
 44765 | Crypt:2  | Noticed an ancient lich
 44775 | Crypt:2  | Killed an ancient lich
 45170 | Crypt:3  | Entered Level 3 of the Crypt
 45553 | Crypt:3  | Acquired the Shining One's third power
 45764 | Crypt:3  | Found a staircase to the Tomb.
 45798 | Crypt:3  | Learned a level 4 spell: Passage of Golubria
 45800 | Crypt:3  | Identified Further Progress in Spellcraft (You found it on level 3 of the Crypt)
 45806 | Crypt:3  | Learned a level 4 spell: Control Teleport
 45823 | Crypt:3  | Noticed an ancient lich
 45831 | Crypt:3  | Killed an ancient lich
 45831 | Crypt:3  | Reached skill level 1 in Charms
 47539 | Crypt:3  | Noticed Xtahua
 47553 | Crypt:3  | Killed Xtahua
 47668 | Crypt:3  | Acquired the Shining One's fourth power
 47668 | Crypt:3  | Reached skill level 5 in Invocations
 47740 | Crypt:3  | Got a wavering ivory ring
 47743 | Crypt:3  | Identified the ring "Joivuemo" {rC- rN+} (You found it on level 3 of the Crypt)
 47748 | Crypt:3  | Got a glittering silver amulet
 47750 | Crypt:3  | Identified the amulet of Prescription {Ward rF- rN+ Stlth+} (You found it on level 3 of the Crypt)
 47753 | Crypt:3  | Got a heavily runed platinum ring
 47754 | Crypt:3  | Identified the ring "Jepnee" {rN+ Dex+3} (You found it on level 3 of the Crypt)
 47893 | Crypt:3  | Found an ancient bone altar of Kikubaaqudgha.
 47906 | Crypt:3  | Noticed an ancient lich
 47920 | Crypt:3  | Identified the Disquisition on Evil Magic (You found it on level 3 of the Crypt)
 48047 | Crypt:3  | Killed an ancient lich
 48075 | Crypt:3  | Cast into the Abyss (war gargoyle)
 48279 | Abyss:3  | Found a corrupted altar of Lugonu.
 48387 | Abyss:3  | Got a flickering copper ring
 48388 | Abyss:3  | Identified the ring of Skanihit {rF+ Dex+4 Int+3} (You found it on level 3 of the Abyss)
 48398 | Abyss:3  | Reached XP level 26. HP: 172/172 MP: 33/33
 48650 | Abyss:3  | Got an abyssal rune of Zot
 48725 | Crypt:3  | Escaped the Abyss
 48753 | Crypt:3  | Got an ancient troll leather armour
 48754 | Crypt:3  | Identified the +0 troll leather armour of Cluyshrea {rF+ rC++} (You found it on level 3 of the Crypt)
 48761 | Crypt:3  | Got a glittering wooden ring
 48762 | Crypt:3  | Identified the ring "Doerch" {rC+ Stlth+} (You found it on level 3 of the Crypt)
 48930 | Crypt:3  | Reached skill level 5 in Charms
 48948 | Crypt:3  | Noticed an ancient lich
 48976 | Crypt:3  | Killed an ancient lich
 49000 | Crypt:3  | Learned a level 1 spell: Summon Butterflies
 49555 | Elf:3    | Learned a level 6 spell: Haste
 50426 | Tomb:1   | Entered Level 1 of the Tomb of the Ancients
 50661 | Tomb:1   | Noticed a greater mummy
 50661 | Tomb:1   | Noticed a greater mummy
 50661 | Tomb:1   | Noticed a greater mummy
 50843 | Crypt:3  | Reached skill level 10 in Invocations
 51224 | D:7      | Identified a +9 executioner's axe of holy wrath (a +7 executioner's axe of electrocution blessed by the Shining One)
 51500 | Hell     | Entered the Vestibule of Hell
 51500 | Hell     | Noticed Geryon
 51550 | Hell     | Killed Geryon
 51666 | Hell     | Found a gateway to the decaying netherworld of Tartarus.
 51785 | Hell     | Was forgiven by Trog
 51790 | Hell     | Found a gateway to the freezing wastes of Cocytus.
 51904 | Hell     | Found a gateway to the Iron City of Dis.
 52015 | Hell     | Found a gateway to the ashen valley of Gehenna.
 52418 | Pan      | Entered Pandemonium
 52534 | Pan      | Noticed Arehiogg the pandemonium lord
 52559 | Pan      | Killed Arehiogg the pandemonium lord
 52680 | Pan      | Reached skill level 5 in Spellcasting
 52757 | Pan      | Noticed Mninur the pandemonium lord
 52773 | Pan      | Killed Mninur the pandemonium lord
 52849 | Pan      | Reached XP level 27. HP: 176/176 MP: 34/34
 52950 | Pan      | Gained mutation: Your mind is acute. (Int +2) [a cacodemon]
 52988 | Pan      | Noticed Psaff the pandemonium lord
 53126 | Pan      | Killed Psaff the pandemonium lord
 53233 | Pan      | Found an exit through the horrors of the Abyss.
 53522 | Pan      | Reached skill level 10 in Charms
 53643 | Pan      | Gained mutation: You possess an exceptional clarity of mind. [a cacodemon]
 53653 | Pan      | Gained mutation: You are weak. (Str -2) [a cacodemon]
 53700 | Pan      | Found an exit through the horrors of the Abyss.
 53926 | Pan      | Found an exit through the horrors of the Abyss.
 54017 | Pan      | Got a dazzling plate armour
 54021 | Pan      | Identified the +7 plate armour of Vaezeburo {rPois rC+} (You acquired it in Pandemonium)
 54069 | Pan      | Entered the realm of Lom Lobon.
 54069 | Pan      | Noticed Lom Lobon
 54085 | Pan      | Killed Lom Lobon
 54139 | Pan      | Got a magical rune of Zot
 54316 | Pan      | Found an exit through the horrors of the Abyss.
 54320 | Pan      | Entered the realm of Gloorx Vloq.
 54329 | Pan      | Noticed Gloorx Vloq
 54346 | Pan      | Killed Gloorx Vloq
 54384 | Pan      | Got a dark rune of Zot
 54814 | Pan      | Found an exit through the horrors of the Abyss.
 54835 | Pan      | Noticed Khanoel the pandemonium lord
 54842 | Pan      | Killed Khanoel the pandemonium lord
 54921 | Pan      | Reached skill level 15 in Charms
 54967 | Pan      | Noticed Nayjikurhy the pandemonium lord
 54986 | Pan      | Killed Nayjikurhy the pandemonium lord
 55065 | Pan      | Learned a level 6 spell: Deflect Missiles
 55085 | Pan      | Noticed Khigonir the pandemonium lord
 55100 | Pan      | Reached skill level 1 in Air Magic
 55128 | Pan      | Killed Khigonir the pandemonium lord
 55152 | Pan      | Got a jewelled leather armour
 55153 | Pan      | Identified the cursed -4 leather armour of the Peculiar Seas {+Inv rC+ Int+1} (You found it in Pandemonium)
 55174 | Pan      | Found an exit through the horrors of the Abyss.
 55217 | Pan      | Gained mutation: You occasionally shout uncontrollably at your foes. [a cacodemon]
 55457 | Pan      | Slain by a Hell Sentinel

Action                   |  1- 3 |  4- 6 |  7- 9 | 10-12 | 13-15 | 16-18 | 19-21 | 22-24 | 25-27 || total
-------------------------+-------+-------+-------+-------+-------+-------+-------+-------+-------++-------
Melee: Hand axe          |   119 |   144 |   657 |       |       |       |       |       |       ||   920
       Battleaxe         |       |       |    21 |   594 |  1442 |  1448 |   788 |       |       ||  4293
       Executioner's axe |       |       |       |       |     3 |     4 |   115 |  1772 |  1990 ||  3884
       Unarmed           |       |       |       |       |       |    35 |       |       |       ||    35
 Fire: Blowgun           |       |       |       |       |    24 |       |       |       |       ||    24
Throw: Tomahawk          |       |       |     1 |     1 |       |       |       |       |       ||     2
       Javelin           |       |       |       |       |    11 |    25 |     2 |    13 |    15 ||    66
       Throwing net      |       |       |       |       |       |     1 |       |       |     2 ||     3
 Cast: Blink             |       |       |       |       |       |       |       |       |     9 ||     9
       Apportation       |       |       |       |       |       |       |       |       |    11 ||    11
Invok: Berserk           |     1 |     2 |    10 |     2 |     5 |     3 |       |       |       ||    23
       Trog's Hand       |       |       |       |     3 |     6 |     4 |    23 |    10 |       ||    46
       Brothers in Arms  |       |       |       |     3 |     3 |     4 |     1 |     2 |     4 ||    17
       Summon Divine War |       |       |       |       |       |       |       |       |     1 ||     1
 Abil: Fly               |       |       |       |       |       |     2 |       |     1 |       ||     3
       Stop Flying       |       |       |       |       |       |       |     1 |       |       ||     1
       Evoke Teleportati |       |       |       |       |       |       |       |       |    10 ||    10
Evoke: Wand              |       |       |     1 |     8 |    29 |    43 |     1 |    19 |    23 ||   124
       Lamp of fire      |       |       |       |       |       |     1 |       |       |     1 ||     2
  Use: Scroll            |       |       |    14 |    16 |    22 |    19 |     9 |     5 |    30 ||   115
       Potion            |       |       |       |       |     2 |     4 |     3 |     2 |    21 ||    32
 Stab: Distracted        |       |       |       |       |     2 |     1 |     2 |     1 |     4 ||    10
       Paralysed         |       |       |       |       |       |     7 |       |     3 |       ||    10
       Confused          |       |       |       |       |       |     1 |       |       |       ||     1
       Invisible         |       |       |       |       |       |       |     2 |       |       ||     2
       Held in net/web   |       |       |       |       |       |       |       |       |     1 ||     1
  Eat: Beef jerky        |     1 |       |     1 |     1 |     8 |     1 |     2 |     3 |     4 ||    21
       Chunk             |       |     2 |     5 |     5 |     8 |     2 |     1 |     3 |     1 ||    27
       Bread ration      |       |     1 |     2 |       |       |       |     4 |     4 |     6 ||    17
       Fruit             |       |       |     6 |       |       |    28 |     7 |     5 |     5 ||    51
       Meat ration       |       |       |       |     1 |       |       |       |       |     1 ||     2
       Royal jelly       |       |       |       |     4 |     8 |     2 |       |     1 |       ||    15
       Pizza             |       |       |       |       |     3 |     1 |       |       |     3 ||     7

Action                   |  1- 3 |  4- 6 |  7- 9 | 10-12 | 13-15 | 16-18 | 19-21 | 22-24 | 25-27 || total
-------------------------+-------+-------+-------+-------+-------+-------+-------+-------+-------++-------
Melee: Hand axe          |   119 |   144 |   657 |       |       |       |       |       |       ||   920
       Battleaxe         |       |       |    21 |   594 |  1442 |  1448 |   788 |       |       ||  4293
       Executioner's axe |       |       |       |       |     3 |     4 |   115 |  1772 |  1990 ||  3884
       Unarmed           |       |       |       |       |       |    35 |       |       |       ||    35
 Fire: Blowgun           |       |       |       |       |    24 |       |       |       |       ||    24
Throw: Tomahawk          |       |       |     1 |     1 |       |       |       |       |       ||     2
       Javelin           |       |       |       |       |    11 |    25 |     2 |    13 |    15 ||    66
       Throwing net      |       |       |       |       |       |     1 |       |       |     2 ||     3
 Cast: Blink             |       |       |       |       |       |       |       |       |     9 ||     9
       Apportation       |       |       |       |       |       |       |       |       |    11 ||    11
Invok: Berserk           |     1 |     2 |    10 |     2 |     5 |     3 |       |       |       ||    23
       Trog's Hand       |       |       |       |     3 |     6 |     4 |    23 |    10 |       ||    46
       Brothers in Arms  |       |       |       |     3 |     3 |     4 |     1 |     2 |     4 ||    17
       Summon Divine War |       |       |       |       |       |       |       |       |     1 ||     1
 Abil: Fly               |       |       |       |       |       |     2 |       |     1 |       ||     3
       Stop Flying       |       |       |       |       |       |       |     1 |       |       ||     1
       Evoke Teleportati |       |       |       |       |       |       |       |       |    10 ||    10
Evoke: Wand              |       |       |     1 |     8 |    29 |    43 |     1 |    19 |    23 ||   124
       Lamp of fire      |       |       |       |       |       |     1 |       |       |     1 ||     2
  Use: Scroll            |       |       |    14 |    16 |    22 |    19 |     9 |     5 |    30 ||   115
       Potion            |       |       |       |       |     2 |     4 |     3 |     2 |    21 ||    32
 Stab: Distracted        |       |       |       |       |     2 |     1 |     2 |     1 |     4 ||    10
       Paralysed         |       |       |       |       |       |     7 |       |     3 |       ||    10
       Confused          |       |       |       |       |       |     1 |       |       |       ||     1
       Invisible         |       |       |       |       |       |       |     2 |       |       ||     2
       Held in net/web   |       |       |       |       |       |       |       |       |     1 ||     1
  Eat: Beef jerky        |     1 |       |     1 |     1 |     8 |     1 |     2 |     3 |     4 ||    21
       Chunk             |       |     2 |     5 |     5 |     8 |     2 |     1 |     3 |     1 ||    27
       Bread ration      |       |     1 |     2 |       |       |       |     4 |     4 |     6 ||    17
       Fruit             |       |       |     6 |       |       |    28 |     7 |     5 |     5 ||    51
       Meat ration       |       |       |       |     1 |       |       |       |       |     1 ||     2
       Royal jelly       |       |       |       |     4 |     8 |     2 |       |     1 |       ||    15
       Pizza             |       |       |       |       |     3 |     1 |       |       |     3 ||     7
